 Dungeon Crawl Stone Soup version 0.29-a0-251-g80730f7218 (webtiles) character file.

Game seed: 17923870131268275873

47932 Wyvernaa the Thaumaturge (level 14, -3/111 HPs)
             Began as a Gnoll Wanderer on Mar 4, 2022.
             Was the Champion of Cheibriados.
             Slain by an ice devil (17 damage)
             ... in an ice cave on Mar 5, 2022.
             The game lasted 02:01:53 (30871 turns).

Wyvernaa the Thaumaturge (Gnoll Wanderer)          Turns: 30871, Time: 02:01:53

Health: -3/111     AC: 18    Str: 24    XL:     14   Next: 44%
Magic:  9/28       EV: 21    Int: 38    God:    Cheibriados [******]
Gold:   1010       SH: 14    Dex: 29    Spells: 11/34 levels left

rFire   . . .      SeeInvis .   w - +6 long sword "Naatwar" {spect, Int+6}
rCold   . . .      Faith    .   D - +1 buckler {AC+3}
rNeg    . . .      Spirit   .   C - +1 steam dragon scales
rPois   +          Reflect  +   k - +1 hat
rElec   .          Harm     .   L - +1 cloak
rCorr   .          Rampage  .   l - +1 pair of gloves
Will    ++...                   v - +0 pair of boots
Stlth   +++++.....              o - amulet of reflection
HPRegen 0.28/turn               j - ring of willpower
MPRegen 0.21/turn               M - ring of poison resistance

@: about to teleport, very slow
A: fangs 1, strong nose, distributed training
a: Renounce Religion, Bend Time, Temporal Distortion, Slouch, Step From Time


You were in an ice cave.
You worshipped Cheibriados.
Cheibriados was exalted by your worship.
You visited 3 branches of the dungeon, and saw 18 of its levels.
You also visited: Ice Cave and Volcano.

You collected 1474 gold pieces.
You spent 464 gold pieces at shops.

Inventory:

Hand Weapons
 p - the +7 dagger "Yjetwaimes" {flame, rF+ MP+9}
   (You found it on level 3 of the Dungeon)

   It burns those it strikes, dealing additional fire damage.
   rF:        It protects you from fire.
   MP:        It affects your magic capacity (+9).
 w - the +6 long sword "Naatwar" (weapon) {spect, Int+6}
   (You found it on level 10 of the Dungeon)

   When its wielder attacks, the weapon's spirit leaps out and strikes again.
   The spirit shares a part of any damage it takes with its wielder.
   Int:       It affects your intelligence (+6).
Missiles
 d - 5 curare-tipped darts
 s - 13 poisoned darts (quivered)
 K - a throwing net
Armour
 k - a +1 hat (worn)
 l - a +1 pair of gloves (worn)
 v - a +0 pair of boots (worn)
 C - +1 steam dragon scales (worn)
 D - a +1 buckler of protection (worn)
 L - a +1 cloak (worn)
 O - a +0 tower shield
 Q - the +1 robe of the Valley of Death {+Blink rPois rN++}
   (You found it on level 6 of the Lair of Beasts)

   rPois:     It protects you from poison.
   rN:        It greatly protects you from negative energy.
   +Blink:    It lets you blink.
Jewellery
 j - a ring of willpower (left hand)
 o - an amulet of reflection (around neck)
 q - an amulet of magic regeneration
 u - a ring of protection from fire
 H - a ring of wizardry
 I - a ring of see invisible
 J - the ring "Wulleusuub" {rF+ Str-3 Dex+8}
   (You found it on level 3 of the Lair of Beasts)

   [ring of protection from fire]

   Str:       It affects your strength (-3).
   Dex:       It affects your dexterity (+8).
   rF:        It protects you from fire.
 M - a ring of poison resistance (right hand)
 P - a ring of magical power
Wands
 r - a wand of digging (6)
 y - a wand of flame (31)
 B - a wand of polymorph (18)
 G - a wand of mindburst (16)
 N - a wand of paralysis (3)
 T - a wand of iceblast (5)
Scrolls
 a - 2 scrolls of silence
 b - a scroll of summoning
 n - 2 scrolls of enchant armour
 x - 3 scrolls of enchant weapon
 A - 2 scrolls of fog
 F - 3 scrolls of amnesia
 R - a scroll of fear
Potions
 c - 2 potions of resistance
 e - a potion of ambrosia
 f - a potion of magic
 g - 4 potions of curing
 h - a potion of heal wounds
 i - 2 potions of brilliance
 m - a potion of flight
 t - a potion of cancellation
 z - 2 potions of lignification
 E - 4 potions of might {unknown}


   Skills:
 + Level 10.3 Fighting
 + Level 9.2 Short Blades
 + Level 9.2 Long Blades
 + Level 9.2 Axes
 + Level 9.2 Maces & Flails
 + Level 9.2 Polearms
 + Level 9.2 Staves
 + Level 9.2 Slings
 + Level 9.2 Bows
 + Level 9.2 Crossbows
 + Level 9.6 Throwing
 + Level 9.2 Armour
 + Level 9.2 Dodging
 + Level 9.2 Stealth
 + Level 9.2 Shields
 + Level 9.2 Unarmed Combat
 + Level 10.5 Spellcasting
 + Level 9.5 Conjurations
 + Level 7.7 Hexes
 + Level 7.7 Summonings
 + Level 7.7 Necromancy
 + Level 7.7 Translocations
 + Level 7.7 Transmutations
 + Level 7.7 Fire Magic
 + Level 7.7 Ice Magic
 + Level 7.7 Air Magic
 + Level 7.7 Earth Magic
 + Level 7.7 Poison Magic
 + Level 10.4 Invocations
 + Level 9.6 Evocations


You had 11 spell levels left.
You knew the following spells:

 Your Spells              Type           Power      Damage    Failure   Level
a - Foxfire               Conj/Fire      100%       2x1d9     1%          1
b - Shock                 Conj/Air       100%       1d9       1%          1
c - Freeze                Ice            100%       1d11      1%          1
d - Olgreb's Toxic Radia  Pois           68%        N/A       1%          4
e - Ignite Poison         Fire/Tmut/Pois 68%        N/A       1%          3
f - Frozen Ramparts       Ice            100%       1d12      1%          3
g - Summon Mana Viper     Hex/Summ       68%        N/A       2%          5
h - Manifold Assault      Tloc           68%        N/A       2%          5

Your spell library contained the following spells:

 Spells                   Type           Power      Damage    Failure   Level
 Blink                    Tloc           100%       N/A       1%          2
 Corpse Rot               Necr/Air       100%       N/A       1%          2
 Conjure Flame            Conj/Fire      71%        6-21      1%          3
 Lesser Beckoning         Tloc           68%        N/A       1%          3
 Animate Armour           Summ/Erth      100%       N/A       1%          4
 Dispel Undead            Necr           68%        3d23      1%          4
 Fulminant Prism          Conj/Hex       35%        3d18      1%          4
 Hailstorm                Conj/Ice       71%        3d15      1%          4
 Sticky Flame             Conj/Fire      71%        2d8       1%          4
 Summon Ice Beast         Ice/Summ       68%        N/A       1%          4
 Blade Hands              Tmut           34%        N/A       2%          5
 Iron Shot                Conj/Erth      35%        9d7       11%         6
 Death Channel            Necr           34%        N/A       16%         6
 Monstrous Menagerie      Summ           34%        N/A       63%         7
 Ozocubu's Refrigeration  Ice            34%        4d11      63%         7
 Ignition                 Fire           34%        3d10      100%        8


Dungeon Overview and Level Annotations

Branches:
Dungeon (11/15)            Temple (1/1) D:6            Lair (6/6) D:10
 Shoals (0/4) Lair:3       Spider (0/4) Lair:4        Slime (0/5) Lair:6
    Orc (0/2) D:11          IceCv (1/1)             Volcano (visited)

Altars:
Cheibriados
Elyvilon
Gozag
Hepliaklqana
Makhleb
Okawaru
Sif Muna
Uskayaw
Wu Jian
Jiyva

Shops:
D:6 ?   D:10 [

Annotations:
D:3 Duvessa
D:5 Edmund, Grinder
Lair:3 2 runed translucent doors, bande's ghost, journeyman GrFi
Lair:6 1 runed translucent door


Innate Abilities, Weirdness & Mutations

You have very sharp teeth.
Your uncanny sense of smell can sniff out nearby items.
Your experience applies equally to all skills.


Message History

The reaper closely misses you.
Casting: Olgreb's Toxic Radiance (mildly dangerous; 1% risk of failure)
Confirm with . or Enter, or press ? or * to list all spells.
You don't know that spell.
Casting: Olgreb's Toxic Radiance (mildly dangerous; 1% risk of failure)
Confirm with . or Enter, or press ? or * to list all spells.
A mana viper appears with a sibilant hiss.
Your mana viper disappears in a puff of smoke!
You block the reaper's attack.
The reaper hits you with a +2 scythe of freezing!!!
* * * LOW HITPOINT WARNING * * *
The reaper freezes you.
* * * LOW HITPOINT WARNING * * *
Your mana viper bites the ice devil!
The ice devil hits you but does no damage.
The reaper hits you with a +2 scythe of freezing!
* * * LOW HITPOINT WARNING * * *
The reaper freezes you.
* * * LOW HITPOINT WARNING * * *
Okay, then.
You feel much better.
Your mana viper completely misses the ice devil.
The ice devil barely misses you.
The reaper hits you with a +2 scythe of freezing!!
* * * LOW HITPOINT WARNING * * *
The reaper freezes you.
* * * LOW HITPOINT WARNING * * *
Your mana viper bites the ice devil but does no damage.
As you read the scroll of teleportation, it crumbles to dust.
You feel strangely unstable.
Your mana viper bites the ice devil.
You block the ice devil's attack. The reaper closely misses you.
As you read the scroll of summoning, it crumbles to dust.
Wisps of shadow whirl around you...
Your mana viper completely misses the ice devil.
The ice devil hits your mana viper! The ice devil freezes your mana viper!
Your mana viper seems to slow down.
The ice devil hits you.
* * * LOW HITPOINT WARNING * * *
The ice devil freezes you!
You die...

##...#########.##..
##...### #≈≈≈###
###...######≈≈≈##
##.........###
###.......°...
###........°##..
##...4..####.°#
##...S...# ☼. .
##...@4..## . .
#...Z○24##
##...○...°.#
##...°°###..
###..#..☼ ####.○☼
###.


You could see a reaper (ally target), 2 ice devils, a friendly mana viper
(summoned, slow), a friendly ice devil (summoned) and a friendly naga simulacrum
(summoned).

Vanquished Creatures
  Snorg (D:10)
  A boulder beetle (D:11)
  3 hydras
  3 two-headed ogres (D:10)
  16 death yaks
  Sonja (D:10)
  2 lindwurms (Lair:6)
  5 elephants (Lair:6)
  A manticore (D:9)
  2 ice statues (IceCv)
  2 merfolk sirens (Lair:3)
  6 black mambas
  7 torpor snails
  6 cane toads
  5 ice devils (IceCv)
  A rime drake (Lair:5)
  12 komodo dragons
  2 entropy weaver simulacra (IceCv)
  3 tyrant leeches (Lair:6)
  A troll (D:10)
  2 polar bears
  2 merfolk (Lair:3)
  8 hornets
  3 dream sheep (Lair:2)
  2 jumping spiders (Lair:4)
  A culicivora (Lair:4)
  A shadow (D:10)
  7 wyverns
  A vampire (D:11)
  2 fire bats (Volcano)
  22 yaks
  4 basilisks
  A steam dragon (D:9)
  3 vampire mosquitoes (D:10)
  4 redbacks (Lair:4)
  An acid dragon (D:9)
  A harpy simulacrum (IceCv)
  17 water moccasins
  3 orc warriors
  8 black bears
  A sky beast (D:6)
  2 ogres
  8 wolves (Lair:4)
  6 centaurs
  17 bullfrogs
  A kobold brigand (D:11)
  A necrophage (D:7)
  2 gnoll sergeants (D:8)
  3 two-headed ogre simulacra (IceCv)
  3 cane toad simulacra (IceCv)
  2 scorpions
  5 wights (D:8)
  Dowan (D:3)
  4 killer bees
  4 electric eels
  5 lava snakes (Volcano)
  3 hounds
  6 orc priests
  3 gnoll shamans
  An iguana (D:5)
  10 orc wizards
  5 spriggan simulacra
  3 troll simulacra
  15 gnolls
  2 adders
  A naga simulacrum (IceCv)
  2 white imps
  2 ufetubi
  A worm (D:2)
  A dart slug (D:6)
  22 orcs
  6 ball pythons
  7 endoplasms
  10 hobgoblins
  7 jackals
  A quokka (D:1)
  5 bats
  2 frilled lizards (D:1)
  3 goblins
  15 kobolds
  A rat (D:3)
  A spectral kobold (D:8)
  A bush (Lair:5)
374 creatures vanquished.

Vanquished Creatures (collateral kills)
  An ice devil (IceCv)
1 creature vanquished.

Vanquished Creatures (others)
  10 bushes (Lair:5)
  45 foxfires
  37 fungi
  139 plants
  4 toadstools (D:1)
235 creatures vanquished.

Grand Total: 610 creatures vanquished

Notes
Turn   | Place    | Note
-------+----------+-------------------------------------------
     0 | D:1      | Wyvernaa the Gnoll Wanderer began the quest for the Orb.
     0 | D:1      | Wyvernaa set off with the following items: a +0 dagger, 11
                  | poisoned darts, a potion of curing, a +0 robe; and the
                  | following spells available to memorise: Foxfire, Shock,
                  | Fulminant Prism
     0 | D:1      | Reached XP level 1. HP: 20/20 MP: 6/6
   503 | D:1      | Reached XP level 2. HP: 20/26 MP: 7/7
  1920 | D:1      | Found a faded altar of an unknown god.
  1986 | D:1      | Reached XP level 3. HP: 28/31 MP: 9/9
  2077 | D:1      | Reached skill level 5 in Spellcasting
  3533 | D:2      | Noticed a scorpion
  4159 | D:3      | Reached skill level 1 in Short Blades
  4159 | D:3      | Reached skill level 1 in Long Blades
  4159 | D:3      | Reached skill level 1 in Axes
  4159 | D:3      | Reached skill level 1 in Maces & Flails
  4159 | D:3      | Reached skill level 1 in Polearms
  4159 | D:3      | Reached skill level 1 in Staves
  4159 | D:3      | Reached skill level 1 in Slings
  4159 | D:3      | Reached skill level 1 in Bows
  4159 | D:3      | Reached skill level 1 in Crossbows
  4159 | D:3      | Reached skill level 1 in Armour
  4159 | D:3      | Reached skill level 1 in Dodging
  4159 | D:3      | Reached skill level 1 in Stealth
  4159 | D:3      | Reached skill level 1 in Shields
  4159 | D:3      | Reached skill level 1 in Unarmed Combat
  4530 | D:3      | Identified the +7 dagger "Yjetwaimes" {flame, rF+ MP+9}
  4619 | D:3      | Found a white marble altar of Elyvilon.
  4752 | D:3      | Learned a level 1 spell: Foxfire
  4967 | D:4      | Noticed a scorpion
  4975 | D:4      | Killed a scorpion
  4976 | D:4      | Reached skill level 1 in Hexes
  4976 | D:4      | Reached skill level 1 in Summonings
  4976 | D:4      | Reached skill level 1 in Necromancy
  4976 | D:4      | Reached skill level 1 in Translocations
  4976 | D:4      | Reached skill level 1 in Transmutations
  4976 | D:4      | Reached skill level 1 in Fire Magic
  4976 | D:4      | Reached skill level 1 in Ice Magic
  4976 | D:4      | Reached skill level 1 in Air Magic
  4976 | D:4      | Reached skill level 1 in Earth Magic
  4976 | D:4      | Reached skill level 1 in Poison Magic
  4976 | D:4      | Reached XP level 4. HP: 28/38 MP: 11/11
  5159 | D:4      | Noticed Duvessa
  5159 | D:4      | Noticed Dowan
  5383 | D:4      | Reached XP level 5. HP: 43/43 MP: 12/12
  5752 | D:4      | Noticed a black bear
  6057 | D:2      | Learned a level 1 spell: Shock
  6321 | D:3      | Killed Dowan
  6410 | D:5      | Entered Level 5 of the Dungeon
  6590 | D:4      | Killed a black bear
  6591 | D:4      | Reached XP level 6. HP: 50/50 MP: 14/14
  6654 | D:4      | Reached skill level 5 in Fighting
  7776 | D:5      | Reached XP level 7. HP: 38/56 MP: 15/15
  8115 | D:5      | Noticed Grinder
  8147 | D:5      | Paralysed by Grinder for 6 turns
  8154 | D:5      | Noticed Edmund
  8759 | D:6      | Found an opulent altar of Gozag.
  8766 | D:6      | Reached XP level 8. HP: 57/63 MP: 16/16
  8951 | D:6      | Found a snail-covered altar of Cheibriados.
  8955 | D:6      | Found a staircase to the Ecumenical Temple.
  8964 | D:6      | Became a worshipper of Cheibriados the Contemplative
  8980 | Temple   | Entered the Ecumenical Temple
  9017 | D:6      | Found Fudwooso's Magic Scroll Emporium.
  9964 | D:7      | Reached * piety under Cheibriados
 10417 | D:7      | Reached skill level 5 in Invocations
 10417 | D:7      | Reached XP level 9. HP: 61/69 MP: 18/18
 11580 | D:8      | Reached skill level 5 in Throwing
 11580 | D:8      | Reached skill level 5 in Evocations
 11607 | D:7      | Reached ** piety under Cheibriados
 12123 | D:8      | Learned a level 1 spell: Freeze
 12765 | D:8      | Reached XP level 10. HP: 34/77 MP: 20/20
 13474 | D:8      | Found a hazy altar of Hepliaklqana.
 13855 | D:8      | Reached *** piety under Cheibriados
 13904 | D:8      | Reached skill level 5 in Short Blades
 13904 | D:8      | Reached skill level 5 in Long Blades
 13904 | D:8      | Reached skill level 5 in Axes
 13904 | D:8      | Reached skill level 5 in Maces & Flails
 13904 | D:8      | Reached skill level 5 in Polearms
 13904 | D:8      | Reached skill level 5 in Staves
 13904 | D:8      | Reached skill level 5 in Slings
 13904 | D:8      | Reached skill level 5 in Bows
 13904 | D:8      | Reached skill level 5 in Crossbows
 13904 | D:8      | Reached skill level 5 in Armour
 13904 | D:8      | Reached skill level 5 in Dodging
 13904 | D:8      | Reached skill level 5 in Stealth
 13904 | D:8      | Reached skill level 5 in Shields
 13904 | D:8      | Reached skill level 5 in Unarmed Combat
 14699 | D:9      | Found an ornate altar of the Wu Jian Council.
 14753 | D:9      | Paralysed by a hornet for 1 turns
 14993 | D:9      | Noticed a manticore
 15276 | D:9      | Killed a manticore
 15534 | D:9      | Found a shimmering blue altar of Sif Muna.
 15707 | D:10     | Entered Level 10 of the Dungeon
 15715 | D:10     | Found a staircase to the Lair.
 16454 | D:10     | Found Eroinom's Antique Armour Emporium.
 16457 | D:10     | Bought a pair of glowing gloves for 232 gold pieces
 16457 | D:10     | Bought a runed buckler for 232 gold pieces
 16516 | D:10     | Noticed Sonja
 16520 | D:10     | Killed Sonja
 16543 | D:10     | Noticed a two-headed ogre
 16546 | D:10     | Killed a two-headed ogre
 16547 | D:10     | Reached XP level 11. HP: 84/84 MP: 22/22
 16556 | D:10     | Identified the +6 long sword "Naatwar" {spect, Int+6}
 16559 | D:10     | Upgraded the game from 0.29-a0-243-g602b31c20e to
                  | 0.29-a0-251-g80730f7218
 16575 | D:10     | Noticed a two-headed ogre
 16584 | D:10     | Noticed a two-headed ogre
 16588 | D:10     | Noticed Snorg
 17219 | D:9      | Learned a level 4 spell: Olgreb's Toxic Radiance
 17223 | D:9      | Learned a level 3 spell: Ignite Poison
 17235 | Lair:1   | Entered Level 1 of the Lair of Beasts
 17544 | Lair:1   | Reached skill level 5 in Hexes
 17544 | Lair:1   | Reached skill level 5 in Summonings
 17544 | Lair:1   | Reached skill level 5 in Necromancy
 17544 | Lair:1   | Reached skill level 5 in Translocations
 17544 | Lair:1   | Reached skill level 5 in Transmutations
 17544 | Lair:1   | Reached skill level 5 in Fire Magic
 17544 | Lair:1   | Reached skill level 5 in Ice Magic
 17544 | Lair:1   | Reached skill level 5 in Air Magic
 17544 | Lair:1   | Reached skill level 5 in Earth Magic
 17544 | Lair:1   | Reached skill level 5 in Poison Magic
 17760 | Lair:1   | Learned a level 3 spell: Frozen Ramparts
 17826 | Lair:1   | Reached **** piety under Cheibriados
 18228 | Lair:2   | Found a dark tunnel.
 18253 | Volcano  | Entered a volcano
 19355 | Volcano  | Found a burning altar of Makhleb.
 19355 | Volcano  | Noticed a sun demon
 19355 | Volcano  | Noticed a red ugly thing
 19355 | Volcano  | Noticed a red ugly thing
 21023 | Lair:3   | Found a staircase to the Shoals.
 21024 | Lair:3   | Identified the ring "Wulleusuub" {rF+ Str-3 Dex+8}
 21221 | Lair:3   | Reached XP level 12. HP: 94/94 MP: 24/24
 21382 | Lair:3   | Found a large runed translucent door.
 21383 | Lair:3   | Found a large runed translucent door.
 21388 | Lair:3   | Noticed bande's ghost (journeyman GrFi)
 21397 | Lair:3   | Noticed a death yak
 21399 | Lair:3   | Noticed a death yak
 21400 | Lair:3   | Noticed a death yak
 21401 | Lair:3   | Noticed a death yak
 21408 | Lair:3   | Killed a death yak
 21408 | Lair:3   | Reached ***** piety under Cheibriados
 21408 | Lair:3   | Killed a death yak
 21645 | Lair:3   | Noticed a death yak
 21647 | Lair:3   | Noticed a death yak
 21658 | Lair:3   | Killed a death yak
 21658 | Lair:3   | Killed a death yak
 21664 | Lair:3   | Killed a death yak
 21678 | Lair:3   | Killed a death yak
 22911 | Lair:4   | Found a hole to the Spider Nest.
 23121 | Lair:4   | Noticed a four-headed hydra
 23246 | Lair:4   | Noticed a death yak
 23246 | Lair:4   | Noticed a death yak
 23247 | Lair:4   | Noticed a death yak
 23248 | Lair:4   | Noticed a death yak
 23250 | Lair:4   | Killed a death yak
 23252 | Lair:4   | Killed a death yak
 23255 | Lair:4   | Killed a death yak
 23255 | Lair:4   | Killed a death yak
 23255 | Lair:4   | Noticed a death yak
 23256 | Lair:4   | Reached XP level 13. HP: 101/101 MP: 0/26
 24903 | Lair:5   | Reached ****** piety under Cheibriados
 26280 | Lair:6   | Entered Level 6 of the Lair of Beasts
 26403 | Lair:6   | Reached skill level 10 in Spellcasting
 26835 | Lair:6   | Found a runed translucent door.
 26835 | Lair:6   | Noticed a fire dragon
 26977 | Lair:6   | Reached skill level 10 in Invocations
 26978 | Lair:6   | Reached skill level 10 in Fighting
 26978 | Lair:6   | Reached XP level 14. HP: 28/110 MP: 1/28
 27279 | Lair:6   | Identified the +1 robe of the Valley of Death {+Blink rPois
                  | rN++}
 27522 | Lair:6   | Found a viscous altar of Jiyva.
 27522 | Lair:6   | Found a staircase to the Slime Pits.
 28443 | D:10     | Learned a level 5 spell: Summon Mana Viper
 28449 | D:10     | Learned a level 5 spell: Manifold Assault
 28595 | D:10     | Killed Snorg
 29089 | D:10     | Found a hide-covered altar of Uskayaw.
 29457 | D:11     | Found a frozen archway.
 29482 | IceCv    | Entered an ice cave
 30857 | IceCv    | Noticed a reaper
 30871 | IceCv    | Slain by an ice devil

Illustrated notes

Levels and vault maps discovered:
D:1:      ldierk_walled_garden_2, layout_loops_ring,
          shapermc_ecumenical_altar_ellora, minmay_misc_feat_tower, st_stairs_3
D:2:      layout_rooms
D:3:      layout_rooms, mainiacjoe_overflow_chevrons, kennysheep_cluttered_room
D:4:      layout_cave_pools, kennysheep_generic_room_6, uniq_duvessa
D:5:      layout_cave_pools, kennysheep_little_box, minivault_23, uniq_edmund,
          uniq_grinder
D:6:      layout_cave_pools, nicolae_gozag_cash_rules_everything_around_me,
          kennysheep_slug_shrine, minmay_temple_entry_wispy, serial_shops,
          nicolae_stop_n_shop_1
D:7:      layout_basic
D:8:      kennysheep_housing_project, layout_loops_ring,
          nicolae_hepliaklqana_monster_ancestors
D:9:      layout_cave_pools, tgw_sif, lemuel_round_altar, minmay_microvault
D:10:     minmay_general_purpose_star, layout_basic,
          mainiacjoe_overflow_alcove_4, dpeg_oklobed_lair, serial_shops,
          kennysheep_mini, uniq_snorg, uniq_sonja
D:11:     layout_basic, erik_orc_1, portal_ice_cave_entry_ice_simulacra
Temple:   nicolae_temple_great_sept
Lair:1:   layout_regular_city, columned_hall_lemuel, small_statue_intersection
Lair:2:   layout_long_grid, enter_volcano_1, lemuel_fruit_tree,
          grunt_megastairs_3
Lair:3:   layout_loops_ring, elwin_shoals_entry_stream,
          ebering_ghost_disaster_area
Lair:4:   layout_cave_pods, nicolae_spider_entry_tight_spaces,
          serial_bayou_lake_a
Lair:5:   layout_loops_ring, serial_forest, infiniplex_forest_end_2,
          infiniplex_forest_fountain, infiniplex_forest_split,
          infiniplex_forest_corner_1, infiniplex_forest_split,
          infiniplex_forest_clump_tiny
Lair:6:   wormcave, layout_regular_city, dpeg_slime_entry_enclosed_altar,
          gammafunk_lair_bear_cave
IceCv:    ice_cave_small_demon

Skill      XL: |  1  2  3  4  5  6  7  8  9 10 11 12 13 14 |
---------------+-------------------------------------------+-----
Spellcasting   | 5 6 7 8 9 10 | 10.5
Short Blades   | 1 2 3 4 5 6 7 8 9 |  9.2
Long Blades    | 1 2 3 4 5 6 7 8 9 |  9.2
Axes           | 1 2 3 4 5 6 7 8 9 |  9.2
Maces & Flails | 1 2 3 4 5 6 7 8 9 |  9.2
Polearms       | 1 2 3 4 5 6 7 8 9 |  9.2
Staves         | 1 2 3 4 5 6 7 8 9 |  9.2
Slings         | 1 2 3 4 5 6 7 8 9 |  9.2
Bows           | 1 2 3 4 5 6 7 8 9 |  9.2
Crossbows      | 1 2 3 4 5 6 7 8 9 |  9.2
Armour         | 1 2 3 4 5 6 7 8 9 |  9.2
Dodging        | 1 2 3 4 5 6 7 8 9 |  9.2
Stealth        | 1 2 3 4 5 6 7 8 9 |  9.2
Shields        | 1 2 3 4 5 6 7 8 9 |  9.2
Unarmed Combat | 1 2 3 4 5 6 7 8 9 |  9.2
Hexes          | 1 2 3 4 5 6 7 |  7.7
Summonings     | 1 2 3 4 5 6 7 |  7.7
Necromancy     | 1 2 3 4 5 6 7 |  7.7
Translocations | 1 2 3 4 5 6 7 |  7.7
Transmutations | 1 2 3 4 5 6 7 |  7.7
Fire Magic     | 1 2 3 4 5 6 7 |  7.7
Ice Magic      | 1 2 3 4 5 6 7 |  7.7
Air Magic      | 1 2 3 4 5 6 7 |  7.7
Earth Magic    | 1 2 3 4 5 6 7 |  7.7
Poison Magic   | 1 2 3 4 5 6 7 |  7.7
Invocations    | 3 4 5 7 8 9 10 | 10.4
Throwing       | 3 4 5 6 7 8 9 |  9.6
Evocations     | 3 4 5 6 7 8 9 |  9.6
Fighting       | 5 6 7 8 9 10 | 10.3
Conjurations   | 6 7 8 9 |  9.5

Action                   |  1- 3 |  4- 6 |  7- 9 | 10-12 | 13-15 || total
-------------------------+-------+-------+-------+-------+-------++-------
Melee: Dagger            |   132 |    78 |   206 |   477 |   442 ||  1335
       Bite              |    10 |     5 |    28 |    71 |    97 ||   211
       Punch             |     4 |       |       |       |       ||     4
       Unarmed           |       |     1 |       |       |       ||     1
       Long sword        |       |       |       |       |   104 ||   104
Throw: Dart              |    40 |    10 |     4 |       |       ||    54
 Cast: Foxfire           |     2 |     3 |    17 |     9 |       ||    31
       Shock             |       |     6 |    69 |    31 |       ||   106
       Freeze            |       |       |       |     1 |       ||     1
       Olgreb's Toxic Ra |       |       |       |    37 |    37 ||    74
       Ignite Poison     |       |       |       |    28 |    45 ||    73
       Manifold Assault  |       |       |       |       |    25 ||    25
       Summon Mana Viper |       |       |       |       |     2 ||     2
Invok: Bend Time         |       |       |     1 |     3 |     1 ||     5
       Temporal Distorti |       |       |       |     2 |       ||     2
  Use: Potion            |     2 |     2 |       |     7 |     4 ||    15
       Scroll            |     6 |     3 |     5 |    14 |     6 ||    34
 Stab: Sleeping          |     1 |       |       |    17 |    19 ||    37
       Distracted        |       |       |       |     1 |     5 ||     6
Armor: Robe              |    24 |       |       |       |       ||    24
       Ring mail         |     8 |    19 |    88 |    43 |       ||   158
       Steam dragon scal |       |       |       |    76 |    75 ||   151
Dodge: Dodged            |    77 |    35 |   131 |   255 |   234 ||   732
Block: Buckler           |       |    23 |    52 |   174 |   254 ||   503
       Reflection        |       |       |       |       |     2 ||     2

Table legend: (Time is in decaauts)
 A = Elapsed time spent in this place.
 B = Non-inter-level travel time spent in this place.
 C = Inter-level travel time spent in this place.
 D = Time resting spent in this place.
 E = Time spent auto-exploring this place.
 F = Levels seen in this place.
 G = Mean time per level.
                   A        B        C        D        E       F      G
               +--------+--------+--------+--------+--------+-----+--------+
         Total |  38044 |  37356 |    688 |  14289 |  11332 |  20 | 1902.2 |
       Dungeon |  20720 |  20379 |    341 |   9086 |   4862 |  11 | 1883.6 |
        Temple |      1 |      1 |      0 |      0 |      0 |   1 |    1.0 |
          Lair |  14367 |  14020 |    347 |   3424 |   6381 |   6 | 2394.5 |
      Ice Cave |   1531 |   1531 |      0 |   1140 |     89 |   1 | 1531.0 |
       Volcano |   1423 |   1423 |      0 |    638 |      0 |   1 | 1423.0 |
               +--------+--------+--------+--------+--------+-----+--------+

Top non-repeatable levels by time:
     D:8: 3486 daAuts
     D:1: 3279 daAuts
  Lair:6: 3129 daAuts
    D:10: 3059 daAuts
  Lair:4: 2675 daAuts
  Lair:3: 2622 daAuts
     D:7: 2518 daAuts
  Lair:2: 2281 daAuts
  Lair:5: 2281 daAuts
     D:9: 1812 daAuts
     D:4: 1760 daAuts
   IceCv: 1531 daAuts
 Volcano: 1423 daAuts
  Lair:1: 1376 daAuts
     D:3: 1244 daAuts
